 Dungeon Crawl Stone Soup version 0.31-a0-204-g7da18cac08 (webtiles) character file.

Game seed: 7818025092152187803

252 vineage the Trooper (level 6, -6/44 HPs)
             Began as a Gargoyle Fighter on June 27, 2023.
             Splashed by a jelly's acid (10 damage)
             ... on level 3 of the Dungeon.
             The game lasted 00:03:21 (3136 turns).

vineage the Trooper (Gargoyle Fighter)              Turns: 3136, Time: 00:03:22

Health: -6/44      AC:  8    Str: 22    XL:     6   Next: 14%
Magic:  6/6        EV:  9    Int:  8    God:
Gold:   151        SH:  4    Dex:  9    Spells: 5/5 levels left

rFire   . . .        h - +0 whip (vamp)
rCold   . . .        c - +0 buckler
rNeg    + . .        b - +0 scale mail
rPois   ∞            (no helmet)
rElec   +            i - +0 cloak
rCorr   .            (no gloves)
SInv    .            (no boots)
Will    .....        (no amulet) Stlth
                     (no ring)
HPRegen 0.27/turn    (no ring)
MPRegen 0.10/turn

%: no passive effects
@: corroded
A: sickness immunity, AC +4, negative energy resistance 1, electricity
resistance, torment resistance 1, petrification resistance
a: no special abilities


You were on level 3 of the Dungeon.
You visited 1 branch of the dungeon, and saw 4 of its levels.

You collected 151 gold pieces.

Inventory:

Hand Weapons
 a - a +1 flail
 h - a +0 vampiric whip (weapon)
Missiles
 e - 2 throwing nets
Armour
 b - a +0 scale mail (worn)
 c - a +0 buckler (worn)
 i - a +0 cloak (worn)
Wands
 k - a wand of iceblast (7)
Scrolls
 f - a scroll of enchant weapon
 j - a scroll of fog {unknown}
Potions
 d - 2 potions of might
 l - a potion of magic {unknown}


   Skills:
 + Level 7.3 Fighting
 + Level 2.0 Maces & Flails
 + Level 3.2 Armour
 + Level 3.2 Shields


You had 5 spell levels left.
You didn't know any spells.
Your spell library contained the following spells:

 Spells                   Type           Power      Damage    Failure   Level
 Ignite Poison            Fire/Tmut/Pois 0%         N/A       99%         3
 Freezing Cloud           Conj/Ice/Air   0%         6-21      100%        5
 Simulacrum               Ice/Necr       0%         N/A       100%        6
 Ozocubu's Refrigeration  Ice            0%         4d7       100%        7
 Polar Vortex             Ice            0%         N/A       100%        9
 Cigotuvi's Dreadful Rot  Necr/Pois/Air  Unusable   N/A       N/A         2

Dungeon Overview and Level Annotations

Branches:
Dungeon (4/15)
 Temple: D:4-7

Altars:
Cheibriados
Nemelex Xobeh
Sif Muna
Wu Jian

Shops:
D:3 [


Innate Abilities, Weirdness & Mutations

You are immune to sickness and miasma.
Your stone body is resilient. (AC +4)
You are immune to poison.
You resist negative energy. (rN+)
You are resistant to electric shocks. (rElec)
You are resistant to unholy torment.
You are immune to petrification.


Message History

You are too injured to fight recklessly!
You are too injured to fight recklessly!
You are too injured to fight recklessly!
You are too injured to fight recklessly!
You are too injured to fight recklessly!
Okay, then.
You feel much better. The jelly barely misses you.
The ogre attacks as you move away!
The ogre hits you with a +0 giant club!!
You block the jelly's attack. The ogre attacks as you move away!
The ogre hits you with a +0 giant club. The jelly barely misses you.
Found 5 stones.
The orc priest looks encouraged for a moment.
The orc priest looks satisfied for a moment.
There is a stone staircase leading up here.
The jelly closely misses you.
You climb upwards.
There is a stone staircase leading down here.
You hit the jelly.
You feel better.
Your hands burn!
The jelly is moderately wounded.
The jelly closely misses you.
You hit the jelly but do no damage.
Your hands burn!
The jelly is moderately wounded.
The jelly hits you but does no damage.
You hit the jelly.
Your hands burn!
* * * LOW HITPOINT WARNING * * *
The jelly is moderately wounded.
The jelly barely misses you.
You hit the jelly.
Your hands burn!
* * * LOW HITPOINT WARNING * * *
The jelly is heavily wounded.
The jelly hits you but does no damage.
You hit the jelly.
You feel better. The acid corrodes you!
Your hands burn!
* * * LOW HITPOINT WARNING * * *
The jelly is severely wounded.
The jelly hits you.
* * * LOW HITPOINT WARNING * * *
You are splashed with acid!
You die...

#.............#########.##
....####.###..# #....# ....#
#.###).# #.#..# ....# #......#
#.#..## ....# #####'## #.#...#
....# #...## #.##..# #.###
#####...## #.##..# #..##
#...#....## #[....##### #...##
#._.#...J@####.........#
.....###...###...'........###.#
#...##.......##..####.....# #.#
#..##.........#### ##.#### #.#
#.##....≈≈≈....# #.######.#
..##...≈≈≈≈≈...## #......)∩#
..#...≈≈...≈≈...# #.########
.##...≈≈.>.≈≈...# #.#
.##...≈≈...≈≈...# #.#


You could see a jelly.

Vanquished Creatures
  An iron imp (D:3)
  Jessica (D:3)
  Ijyb (D:3)
  An orc wizard (D:3)
  7 adders
  3 worms (D:2)
  A dart slug (D:2)
  5 orcs (D:3)
  9 bats
  7 endoplasms
  A giant cockroach (D:1)
  4 goblins
  5 hobgoblins
  4 jackals (D:2)
  2 quokkas
  5 ball pythons
  7 kobolds
  7 rats
71 creatures vanquished.

Notes
Turn   | Place    | Note
-------+----------+-------------------------------------------
     0 | D:1      | vineage the Gargoyle Fighter began the quest for the Orb.
     0 | D:1      | Reached XP level 1. HP: 14/14 MP: 1/1
   198 | D:1      | Found a faded altar of an unknown god.
   335 | D:1      | Reached XP level 2. HP: 10/20 MP: 2/2
   383 | D:1      | Reached skill level 4 in Fighting
   945 | D:2      | Reached XP level 3. HP: 24/24 MP: 3/3
  1020 | D:2      | You fall into a shaft and drop 2 floors!
  1039 | D:4      | Found an ornate altar of the Wu Jian Council.
  1138 | D:2      | Reached skill level 5 in Fighting
  1187 | D:2      | Reached XP level 4. HP: 23/31 MP: 4/4
  2037 | D:3      | Reached skill level 6 in Fighting
  2051 | D:3      | Noticed Jessica
  2068 | D:3      | Killed Jessica
  2069 | D:3      | Reached XP level 5. HP: 36/36 MP: 5/5
  2074 | D:3      | Found a shimmering blue altar of Sif Muna.
  2146 | D:3      | Found Uhasaraj's Antique Armour Shoppe.
  2301 | D:3      | Noticed Ijyb
  2324 | D:3      | Killed Ijyb
  2369 | D:3      | Found a snail-covered altar of Cheibriados.
  2552 | D:3      | Reached skill level 7 in Fighting
  2601 | D:3      | Found a sparkling altar of Nemelex Xobeh.
  2860 | D:3      | Reached XP level 6. HP: 36/44 MP: 6/6
  3136 | D:3      | Splashed by a jelly's acid

Illustrated notes

Levels and vault maps discovered:
D:1:      dpeg_arrival_simpleton_b, layout_basic,
          dreamdust_ecumenical_altar_statues, minmay_pentomino_u2
D:2:      layout_basic, serial_curves, eino_curves_02, eino_curves_04,
          eino_curves_01
D:3:      layout_loops_corners, tgw_sif, nemelex_spade_bored_becter,
          slow_altar_1, serial_shops, shop, serial_park_tiny_2, uniq_ijyb
D:4:      layout_basic, mainiacjoe_overflow_catwalk_spiral, serial_shops,
          nicolae_shop_tiny_glass, dk_rats_in_the_wall

Skill      XL: |  1  2  3  4  5 |
---------------+----------------+-----
Fighting       | 4 5 6 7 |  7.3
Maces & Flails | |  2.0
Armour         | |  3.2
Shields        | |  3.2

Action                     |  1- 3 |  4- 6 || total
---------------------------+-------+-------++-------
  Melee: Flail             |    95 |    83 ||   178
         Whip              |       |   193 ||   193
    Use: Scroll            |     2 |     4 ||     6
         Potion            |       |     2 ||     2
 Armour: Scale mail        |    72 |   146 ||   218
  Dodge: Dodged            |    41 |   103 ||   144
  Block: Buckler           |    13 |    56 ||    69

Table legend: (Time is in decaauts)
 A = Elapsed time spent in this place.
 B = Non-inter-level travel time spent in this place.
 C = Inter-level travel time spent in this place.
 D = Time resting spent in this place.
 E = Time spent auto-exploring this place.
 F = Levels seen in this place.
 G = Mean time per level.
                   A        B        C        D        E       F      G
               +--------+--------+--------+--------+--------+-----+--------+
         Total |   3198 |   3135 |     63 |      0 |   2444 |   4 |  799.5 |
       Dungeon |   3198 |   3135 |     63 |      0 |   2444 |   4 |  799.5 |
               +--------+--------+--------+--------+--------+-----+--------+

Top non-repeatable levels by time:
     D:3: 1208 daAuts
     D:2: 1024 daAuts
     D:1: 861 daAuts
     D:4: 104 daAuts
